[Event "Titled Tuesday Blitz May 31 Late 2022"]
[White "Milikow, Elie"]
[Black "Sliwicki, Damian"]
[WhiteFideId "371281868"]
[BlackFideId "1127128"]
[WhiteElo "2257"]
[BlackElo "2125"]
[Result "1-0"]
[Round "02"]
[TimeControl "180+1"]
[Date "2022.06.01"]
[WhiteClock "0:00:07"]
[BlackClock "0:00:03"]

1. e4 c5 2. Nf3 g6 3. d4 cxd4 4. Nxd4 Nc6 5. c4 Nf6 6. Nc3 Nxd4 7. Qxd4 d6 8. f3 Bg7 9. Be3 O-O 10. Qd2 Qa5 11. Be2 Be6 12. O-O Rac8 13. Nd5 Qxd2 14. Nxe7+ Kh8 15. Bxd2 Rce8 16. Nd5 Bxd5 17. cxd5 Nxd5 18. Bb5 Re5 19. exd5 Rxd5 20. Bb4 Rxb5 21. Bxd6 Rd8 22. Rad1 Rxb2 23. Ba3 Rbd2 24. Rxd2 Rxd2 25. Rc1 Bd4+ 26. Kf1 Rxa2 27. Rc8+ Kg7 28. Bf8+ Kf6 29. Rd8 Bb6 30. Rd6+ Ke5 31. Rd7 Rf2+ 32. Ke1 Rxg2 33. Rxb7 f5 34. Rxh7 Kf4 35. Rh3 Ke3 36. Kd1 Kd3 37. Kc1 Be3+ 38. Kb1 Bd4 39. Rh7 Rg1+ 40. Ka2 Ra1+ 41. Kb3 a5 42. Rd7 a4+ 43. Kb4 Rb1+ 44. Kxa4 Kc4 45. Rc7+ Kd5 46. Rd7+ Kc4 47. Rc7+ Kd5 48. Ka3 Be5 49. Rh7 Kc4 50. Rh4+ f4 51. Ka4 Ra1+ 52. Ba3 Bd6 53. Ka5 1-0


[Site "https://www.chess.com"]

[Event "Titled Tuesday Blitz May 31 Late 2022"]
[White "Murzin, Volodar"]
[Black "Nazaretyan, Tigran"]
[WhiteFideId "44155573"]
[BlackFideId "24162345"]
[WhiteElo "2585"]
[BlackElo "2225"]
[Result "1-0"]
[Round "02"]
[TimeControl "180+1"]
[Date "2022.05.31"]
[WhiteClock "0:00:12"]
[BlackClock "0:00:18"]

1. e4 c5 2. Nf3 Nc6 3. Bb5 g6 4. Bxc6 dxc6 5. d3 Bg7 6. h3 Nf6 7. Nc3 Nd7 8. Be3 e5 9. Qd2 h6 10. O-O b6 11. Nh2 Nf8 12. f4 exf4 13. Bxf4 Ne6 14. Bg3 Qg5 15. Qe1 Nd4 16. Qf2 Be6 17. e5 Nf5 18. Bf4 Qd8 19. Nf3 Qd7 20. Ne4 O-O-O 21. g4 Nd4 22. Nd6+ Kb8 23. Nxd4 cxd4 24. Kh2 c5 25. Qf3 h5 26. g5 Bf8 27. h4 Bxd6 28. exd6 Rc8 29. Rae1 Rhe8 30. b3 Bg4 31. Re7 Bxf3 32. Rxd7 Bd5 33. Kg3 Ka8 34. Re7 Rxe7 35. dxe7 Re8 36. Bd6 Kb7 37. Kf4 Kc6 38. Ke5 a5 39. Rf6 Be6 40. a3 Kd7 41. b4 axb4 42. axb4 cxb4 43. Bxb4 Rc8 44. Rf2 b5 45. Kxd4 Ke8 46. c3 Ra8 47. Ke5 Ra1 48. Rf4 Ra7 49. Kf6 Rd7 50. d4 Rd5 51. Re4 Rf5+ 52. Kg7 Rf3 53. Re1 Rf4 54. Ra1 Bd5 55. Ra6 Re4 56. Rd6 Kxe7 57. Rxd5+ Ke6 58. Re5+ Rxe5 59. dxe5 Kxe5 60. Kxf7 Kf5 61. Bc5 Kg4 62. Kxg6 Kxh4 63. Kh6 Kg4 64. g6 h4 65. g7 h3 66. g8=Q+ Kf3 67. Qg1 Ke2 68. Qh1 Kd3 69. Bb4 Kc4 70. Qxh3 Kb3 71. Qd3 Ka4 72. Kg5 Kb3 73. Qxb5 Kc2 74. c4 Kd3 75. c5+ Kd4 76. c6 Ke4 77. c7 Kf3 78. c8=Q 1-0


[Site "https://www.chess.com"]

[Event "Titled Tuesday Blitz May 31 Late 2022"]
[White "Niemann, Hans Moke"]
[Black "Vazquez, Facundo"]
[WhiteFideId "2093596"]
[BlackFideId "3007669"]
[WhiteElo "2632"]
[BlackElo "1984"]
[Result "1-0"]
[Round "02"]
[TimeControl "180+1"]
[Date "2022.05.31"]
[WhiteClock "0:00:11"]
[BlackClock "0:00:15"]

1. e4 c5 2. Nf3 e6 3. d4 cxd4 4. Nxd4 Nf6 5. Nc3 Nc6 6. Nxc6 bxc6 7. e5 Nd5 8. Ne4 Qc7 9. f4 Qa5+ 10. Kf2 Qb6+ 11. Kf3 f5 12. Nf2 c5 13. Kg3 g5 14. fxg5 h5 15. gxh6 f4+ 16. Bxf4 Nxf4 17. Kxf4 Bxh6+ 18. Kg3 Bg7 19. Ng4 Bb7 20. Be2 O-O-O 21. Qd6 Qxd6 22. exd6 Rdg8 23. c3 Be5+ 24. Kf2 Bxd6 25. Rad1 Be7 26. Bf3 Bxf3 27. Kxf3 Rf8+ 28. Ke2 d6 29. g3 Rfg8 30. Nf2 d5 31. c4 Rg5 32. cxd5 exd5 33. Rd2 c4 34. h4 Re5+ 35. Kf3 Bc5 36. Rhd1 Re3+ 37. Kg2 Rg8 38. g4 d4 39. Rxd4 Bxd4 40. Rxd4 Re2 41. Rxc4+ Kd7 42. Rf4 Rxb2 43. Kg3 Rxa2 44. g5 a5 45. Ne4 Ke6 46. Nf6 Rb8 47. g6 Ra3+ 48. Kg4 Rb4 49. g7 Rxf4+ 50. Kxf4 1-0


[Site "https://www.chess.com"]

[Event "Titled Tuesday Blitz May 31 Late 2022"]
[White "Ozdemir, Serhan Berat"]
[Black "Abarca Gonzalez, Nicolas"]
[WhiteFideId "6374611"]
[BlackFideId "3409422"]
[WhiteElo "1920"]
[BlackElo "2504"]
[Result "0-1"]
[Round "02"]
[TimeControl "180+1"]
[Date "2022.06.01"]
[WhiteClock "0:00:04"]
[BlackClock "0:00:29"]

1. e4 c5 2. Nf3 d6 3. d4 cxd4 4. Nxd4 Nf6 5. Nc3 g6 6. Be3 Bg7 7. f3 O-O 8. Qd2 Nc6 9. Bc4 Ne5 10. Bb3 Bd7 11. h4 Qa5 12. O-O-O Rfc8 13. Kb1 Nc4 14. Bxc4 Rxc4 15. Nb3 Qc7 16. Bh6 Bxh6 17. Qxh6 Rxc3 18. bxc3 Qxc3 19. Rd3 Qe5 20. h5 a5 21. hxg6 fxg6 22. Rd5 Qe6 23. Rg5 a4 24. Rxg6+ hxg6 25. Qxg6+ Kf8 26. Rh8+ Ng8 27. Qxe6 Bxe6 28. Nd4 Bd7 29. g4 Kg7 30. Rh5 Nf6 31. Rh2 Rh8 32. Rxh8 Kxh8 33. g5 Nh5 34. c3 Kg7 35. Kc2 Kg6 36. Kd3 Kxg5 37. Ke3 Nf4 38. a3 Ne6 39. Ne2 Nc7 40. f4+ Kf6 41. Ng3 Nb5 0-1


[Site "https://www.chess.com"]

[Event "Titled Tuesday Blitz May 31 Late 2022"]
[White "Pakleza, Zbigniew"]
[Black "Wachinger, Guenther"]
[WhiteFideId "1119290"]
[BlackFideId "4604261"]
[WhiteElo "2467"]
[BlackElo "2212"]
[Result "1-0"]
[Round "02"]
[TimeControl "180+1"]
[Date "2022.06.01"]
[WhiteClock "0:00:34"]
[BlackClock "0:00:03"]

1. d4 Nf6 2. Nf3 c5 3. c3 e6 4. Bf4 d5 5. e3 Nc6 6. Nbd2 cxd4 7. cxd4 Nh5 8. Be5 f6 9. Bg3 g6 10. Be2 Be7 11. Rc1 O-O 12. a3 a5 13. O-O Nxg3 14. hxg3 e5 15. Bb5 Qd6 16. Qb3 Be6 17. Rfd1 e4 18. Nh2 f5 19. Rc3 g5 20. Rdc1 Rac8 21. Ba4 f4 22. Nhf1 fxe3 23. fxe3 Rc7 24. Qd1 Kg7 25. Bb3 Kg6 26. Nxe4 dxe4 27. d5 Rd8 28. dxe6 Qxd1 29. Bxd1 Kf6 30. Bb3 Rd6 31. g4 Ke5 32. Rc5+ Kf6 33. Ng3 Kg6 34. Nxe4 h6 35. Nxd6 Bxd6 1-0


[Site "https://www.chess.com"]

[Event "Titled Tuesday Blitz May 31 Late 2022"]
[White "Papp, Levente"]
[Black "Sarana, Alexey"]
[WhiteFideId "751243"]
[BlackFideId "24133795"]
[WhiteElo "2308"]
[BlackElo "2666"]
[Result "0-1"]
[Round "02"]
[TimeControl "180+1"]
[Date "2022.05.31"]
[WhiteClock "0:00:01"]
[BlackClock "0:00:06"]

1. c4 e6 2. Nf3 d5 3. g3 c6 4. cxd5 exd5 5. Bg2 Nf6 6. O-O Bd6 7. Nc3 O-O 8. d3 Re8 9. Qc2 Bg4 10. e4 dxe4 11. dxe4 Nbd7 12. Be3 Qe7 13. Nd4 Ne5 14. f4 Nc4 15. Bf2 Bb4 16. e5 Nd7 17. Ne4 Ndb6 18. a3 Bc5 19. Nxc5 Qxc5 20. b3 Rad8 21. Ne6 Rd2 22. Nxc5 Rxc2 23. bxc4 Nxc4 24. Nxb7 Nd2 25. Rfc1 Rb2 26. Nd6 Reb8 27. Bxc6 Nb3 28. Bxa7 Nxc1 29. Rxc1 R8b3 30. Bd5 Rxa3 31. Bxf7+ Kh8 32. Bd4 Rd2 33. e6 Ra8 34. e7 Bd7 35. e8=Q+ Bxe8 36. Bxe8 Rxd4 37. Bc6 Rb8 38. Nf7+ Kg8 39. Ne5 Kh8 40. Bf3 h5 41. Bxh5 Kh7 42. Bf3 Rd2 43. Rd1 Ra2 44. Re1 Rbb2 45. Ng4 g6 46. Ne3 Ra3 47. Bg2 Rbb3 48. Ng4 Rb2 49. Bf3 Rxf3 50. Re7+ Kg8 51. Nf6+ Kf8 52. Re1 Ra3 53. Nd7+ Kg7 54. Re7+ Kg8 55. Nf6+ Kf8 56. Re1 Raa2 57. Nh7+ Kg7 58. Re7+ Kh8 59. Nf6 Rb1+ 0-1


[Site "https://www.chess.com"]

[Event "Titled Tuesday Blitz May 31 Late 2022"]
[White "Perez Torres, Nabi Isaias"]
[Black "Song, Michael"]
[WhiteFideId "5120373"]
[BlackFideId "2613190"]
[WhiteElo "1755"]
[BlackElo "2274"]
[Result "0-1"]
[Round "02"]
[TimeControl "180+1"]
[Date "2022.06.01"]
[WhiteClock "0:00:22"]
[BlackClock "0:00:09"]

1. d4 f5 2. c4 Nf6 3. Nc3 d6 4. e4 fxe4 5. Bg5 Nbd7 6. f3 e5 7. fxe4 exd4 8. Qxd4 Be7 9. Nf3 O-O 10. O-O-O c6 11. Bd3 Ng4 12. h4 Nde5 13. Bc2 Be6 14. c5 Nxf3 15. gxf3 Bxg5+ 16. hxg5 Qxg5+ 17. Kb1 Ne5 18. Qxd6 Rae8 19. Rdg1 Qf6 20. f4 Qxf4 21. Ne2 Qf6 22. Nd4 Nc4 23. e5 Qf7 24. Bxh7+ Kh8 25. Bg6+ Kg8 26. Bxf7+ Rxf7 27. Qxe6 Rxe6 28. Nxe6 Nxe5 29. Ng5 Rf2 30. Re1 Rf5 31. Rhf1 Rxg5 32. Rf2 Nd3 33. Re8+ Kh7 34. Rh2+ Kg6 35. Rh1 Nxc5 36. Re7 Kf6 37. Re8 Rg2 38. Ree1 Nd3 39. Rhf1+ Kg6 40. Re3 Nc5 41. b3 Rd2 42. Rc3 Ne4 43. Re3 Nf6 44. Rg3+ Kf7 45. Rc3 Rd7 46. Rc2 a5 47. Kc1 Ke7 48. Re2+ Kf7 49. Rg1 g6 50. Reg2 a4 51. Rxg6 axb3 52. Rg7+ Ke6 53. Rxd7 bxa2 54. Kb2 Nxd7 55. Kxa2 b5 56. Kb3 Kd5 57. Kb4 Ne5 58. Rd1+ Ke4 59. Re1+ Kd4 60. Rh1 Nd3+ 61. Ka5 Kc5 62. Rh3 Nf4 63. Rh4 Nd5 64. Rh5 b4 65. Ka4 Kc4 66. Rh4+ Kc5 67. Kb3 Kb5 68. Rc4 c5 69. Rh4 Nb6 70. Rh5 Nc8 71. Rh6 Na7 72. Rh8 Nc6 73. Rc8 Nd4+ 74. Kb2 Kc4 75. Rb8 b3 76. Rc8 Kb4 77. Rc7 Nb5 78. Rc8 c4 79. Kb1 c3 80. Kc1 b2+ 81. Kb1 Na3+ 82. Ka2 b1=Q# 0-1


[Site "https://www.chess.com"]

[Event "Titled Tuesday Blitz May 31 Late 2022"]
[White "Pershin, Denis"]
[Black "Hoffmann, Asa"]
[WhiteFideId "24165506"]
[BlackFideId "2001470"]
[WhiteElo "2275"]
[BlackElo "2117"]
[Result "1-0"]
[Round "02"]
[TimeControl "180+1"]
[Date "2022.06.01"]
[WhiteClock "0:00:22"]
[BlackClock "0:00:12"]

1. d4 Nf6 2. Nc3 d6 3. e4 c6 4. f4 Qa5 5. Bd3 e5 6. Nf3 exd4 7. Nxd4 Qb6 8. Nf3 Be7 9. Na4 Qa5+ 10. Nc3 Bg4 11. O-O Nbd7 12. Be3 O-O 13. Qe1 Rfe8 14. Qg3 Bxf3 15. Qxf3 d5 16. e5 Bc5 17. Bxc5 Qxc5+ 18. Kh1 Ne4 19. Nxe4 dxe4 20. Bxe4 Nf8 21. Rad1 Rad8 22. h3 Qb6 23. b3 Rxd1 24. Rxd1 Rd8 25. Rxd8 Qxd8 26. Qd3 Qh4 27. f5 Qf4 28. Qd4 Qf1+ 29. Kh2 Qf4+ 30. g3 Qf1 31. Qd3 Qf2+ 32. Bg2 Qc5 33. Qe4 Qe7 34. h4 h6 35. a4 Nd7 36. e6 Nf6 37. exf7+ Qxf7 38. Qf4 h5 39. Bf3 Qd7 40. Qe5 Qd2+ 41. Kh3 Qc1 42. a5 a6 43. Kh2 Qxc2+ 44. Kh3 Qxb3 45. Bxh5 Nxh5 46. Qe8+ Kh7 47. Qxh5+ Kg8 48. Qe8+ Kh7 49. Qg6+ Kh8 50. h5 Qd3 51. Qe8+ Kh7 52. Qg6+ Kh8 53. h6 Qf1+ 54. Kg4 Qe2+ 55. Kf4 Qd2+ 56. Ke5 Qxh6 57. Qxh6+ gxh6 58. Ke6 Kg8 59. Ke7 c5 60. f6 c4 61. f7+ 1-0


[Site "https://www.chess.com"]

[Event "Titled Tuesday Blitz May 31 Late 2022"]
[White "Pichot, Alan"]
[Black "Shuvalova, Polina"]
[WhiteFideId "110973"]
[BlackFideId "24171760"]
[WhiteElo "2579"]
[BlackElo "2355"]
[Result "0-1"]
[Round "02"]
[TimeControl "180+1"]
[Date "2022.05.31"]
[WhiteClock "0:00:05"]
[BlackClock "0:00:14"]

1. e4 c5 2. Nf3 d6 3. Bb5+ Nd7 4. Ba4 Nf6 5. d3 g6 6. O-O Bg7 7. c4 O-O 8. Nc3 Ng4 9. Bg5 h6 10. Bh4 Nge5 11. Ne1 g5 12. Bg3 Ng6 13. Rc1 Nde5 14. Nc2 Bg4 15. Qd2 a6 16. Ne3 Bd7 17. Bd1 Nc6 18. f4 gxf4 19. Bxf4 Nxf4 20. Rxf4 e6 21. g3 Ne5 22. Bh5 Kh8 23. Rcf1 Qe7 24. Rh4 Ng6 25. Rh3 Bd4 26. Kh1 Qg5 27. g4 Nf4 28. Rhf3 Nxh5 29. gxh5 Rg8 30. Rg3 Qxh5 31. Ne2 Rxg3 32. Nxg3 Qg5 33. Rf3 Rg8 34. Qe2 f5 35. Ng2 Bc6 36. Nf4 fxe4 37. dxe4 Qg4 38. h3 Qh4 39. Kh2 Be5 40. Qd2 Rxg3 0-1


[Site "https://www.chess.com"]

[Event "Titled Tuesday Blitz May 31 Late 2022"]
[White "Premnath, R."]
[Black "Jones, Gawain C B"]
[WhiteFideId "5021928"]
[BlackFideId "409561"]
[WhiteElo "2584"]
[BlackElo "2657"]
[Result "0-1"]
[Round "02"]
[TimeControl "180+1"]
[Date "2022.05.31"]
[WhiteClock "0:00:22"]
[BlackClock "0:00:51"]

1. d4 Nf6 2. c4 g6 3. Nc3 d6 4. e4 Nbd7 5. Be2 e5 6. Nf3 Bg7 7. O-O O-O 8. Re1 a6 9. d5 a5 10. Qc2 Nc5 11. b3 Ne8 12. a3 f5 13. Bg5 Nf6 14. Nd2 h6 15. Be3 f4 16. Bxc5 dxc5 17. Nb5 g5 18. b4 axb4 19. axb4 Rxa1 20. Rxa1 cxb4 21. Qb2 g4 22. Ra8 f3 23. gxf3 gxf3 24. Bxf3 Nd7 25. Qxb4 c5 26. dxc6 bxc6 27. Nd6 c5 28. Qc3 Nb6 29. Rxc8 Nxc8 30. Nf5 Qg5+ 31. Kh1 Ne7 32. Nxg7 Kxg7 33. Nf1 Qf4 34. Bg2 Ng6 35. Ng3 Qxf2 36. Nf5+ Kh7 37. Bh3 Nf4 0-1


[Site "https://www.chess.com"]

[Event "Titled Tuesday Blitz May 31 Late 2022"]
[White "Preotu, Razvan"]
[Black "Prabhu, Naveen"]
[WhiteFideId "2613280"]
[BlackFideId "30939372"]
[WhiteElo "2407"]
[BlackElo "2413"]
[Result "1-0"]
[Round "02"]
[TimeControl "180+1"]
[Date "2022.06.01"]
[WhiteClock "0:00:06"]
[BlackClock "0:00:14"]

1. e4 e6 2. d4 d5 3. Nc3 Nf6 4. e5 Nfd7 5. f4 c5 6. Nf3 Nc6 7. Be3 a6 8. Qd2 b5 9. Be2 Qb6 10. a3 cxd4 11. Nxd4 Bc5 12. O-O-O Bb7 13. Rhe1 O-O 14. Bf3 Rfc8 15. g4 Nxd4 16. Bxd4 Bxd4 17. Qxd4 Rc4 18. Qxb6 Nxb6 19. Ne2 Rac8 20. Rd2 b4 21. b3 R4c5 22. axb4 Rb5 23. Rd4 a5 24. bxa5 Rxa5 25. Kb2 Ba6 26. Rb4 Nd7 27. Nd4 Nc5 28. Ra1 Rxa1 29. Kxa1 Bf1 30. Kb2 h6 31. Nb5 Rb8 32. c4 Nd3+ 33. Kc3 Nxb4 34. Kxb4 d4 35. Be4 Kf8 36. Ka3 Bh3 37. Nxd4 Bxg4 38. c5 Ke8 39. c6 Kd8 40. b4 Kc7 41. b5 Rd8 42. Nc2 Kb6 43. Kb4 Be2 44. c7 Kxc7 45. Kc5 Bd3 46. b6+ Kb8 47. Bxd3 Rxd3 48. Nb4 Rc3+ 49. Kd6 Rc4 50. Nc6+ Kb7 51. Na5+ Kxb6 52. Nxc4+ Kb5 53. Ke7 Kxc4 54. Kxf7 Kd5 55. Kxg7 h5 56. Kf6 Ke4 57. Kxe6 Kxf4 58. Kf6 Kf3 59. e6 Kg2 60. e7 Kxh2 61. e8=Q h4 62. Kg5 h3 63. Kg4 Kh1 64. Kxh3 Kg1 65. Qe1# 1-0


[Site "https://www.chess.com"]

[Event "Titled Tuesday Blitz May 31 Late 2022"]
[White "Roman, Rodrigo"]
[Black "Amburgy, Ryan"]
[WhiteFideId "3701220"]
[BlackFideId "30924820"]
[WhiteElo "2001"]
[BlackElo "2066"]
[Result "1-0"]
[Round "02"]
[TimeControl "180+1"]
[Date "2022.06.01"]
[WhiteClock "0:00:14"]
[BlackClock "0:00:25"]

1. e4 c6 2. Nf3 d5 3. d3 Qc7 4. e5 Bf5 5. Bf4 e6 6. Nbd2 Nd7 7. h3 h6 8. g4 Bh7 9. c3 c5 10. a4 Ne7 11. Bg3 Nc6 12. d4 cxd4 13. Nxd4 Nxd4 14. cxd4 Bb4 15. Rc1 Qa5 16. Bb5 Be4 17. f3 Bxf3 18. Qxf3 Bxd2+ 19. Ke2 Rd8 20. Rc2 Bg5 21. Be1 Qb6 22. Qd3 a6 23. h4 Be7 24. Bxd7+ Rxd7 25. a5 Qd8 26. h5 O-O 27. Bd2 b6 28. Qxa6 bxa5 29. Qxa5 Qb8 30. Qc3 Rb7 31. Rh3 Bb4 32. Qd3 Bxd2 33. Qxd2 Rc8 34. Rxc8+ Qxc8 35. Rc3 Qd8 36. Qc2 Rb8 37. b3 Qe8 38. Qd3 g6 39. Qe3 Qf8 40. Kf3 gxh5 41. gxh5 Qg7 42. Kf2 Qg5 43. Qg3 Kh7 44. Qxg5 hxg5 45. Kg3 Kh6 46. Kg4 Rb4 47. Rd3 Rb6 48. Rf3 Rb4 49. Rf6+ Kg7 50. h6+ Kf8 51. Kxg5 Rxd4 52. h7 Kg7 53. Rxf7+ Kh8 54. Re7 Rd3 55. Kf6 Rxb3 56. Kxe6 Rd3 57. Kf6 Rd1 58. e6 d4 59. Rd7 Rf1+ 60. Ke5 d3 61. e7 Re1+ 62. Kf6 d2 63. Rxd2 Rf1+ 64. Ke6 Re1+ 65. Kd7 Kxh7 66. e8=Q Ra1 67. Qe7+ Kh6 68. Qe6+ Kg5 69. Qe5+ Kg4 70. Qxa1 Kf3 71. Rb2 Ke3 72. Rb3+ Ke4 73. Qa2 Kf5 74. Qa3 Kf6 75. Qa4 Kf7 76. Kd6 Kg6 77. Kd5 Kf6 78. Kd4 Kf5 79. Kd3 Ke5 80. Kd2 Ke6 81. Rb5 Kd7 82. Qa6 Kd8 83. Rb7 Kc8 84. Qa8# 1-0


[Site "https://www.chess.com"]

[Event "Titled Tuesday Blitz May 31 Late 2022"]
[White "Rosen, Eric"]
[Black "Melikhov, Evgeny V."]
[WhiteFideId "2032562"]
[BlackFideId "4122046"]
[WhiteElo "2362"]
[BlackElo "1931"]
[Result "1-0"]
[Round "02"]
[TimeControl "180+1"]
[Date "2022.06.01"]
[WhiteClock "0:00:07"]
[BlackClock "0:00:06"]

1. d4 Nf6 2. Bf4 d5 3. e3 c5 4. Nf3 Nc6 5. Nbd2 cxd4 6. exd4 Bf5 7. c3 e6 8. Be2 Bd6 9. Bxd6 Qxd6 10. O-O O-O 11. a4 Qc7 12. Re1 a6 13. b4 Ne4 14. Nxe4 Bxe4 15. Nd2 Bg6 16. Nb3 Ne7 17. Rc1 Nf5 18. a5 Nd6 19. Nc5 Rfd8 20. Bd3 Bxd3 21. Qxd3 Nc4 22. Re2 b6 23. axb6 Qxb6 24. Ra2 a5 25. Rca1 Ra7 26. h4 Rda8 27. bxa5 Rxa5 28. Rxa5 Rxa5 29. Rb1 Rb5 30. Ra1 Ra5 31. Rb1 Rb5 32. Re1 h6 33. h5 Ra5 34. Rb1 Rb5 35. Ra1 Ra5 36. Rb1 Rb5 37. Re1 Ra5 38. Qg3 Qa7 39. Kh2 Ra1 40. Rxa1 Qxa1 41. Qb8+ Kh7 42. Qf8 Qxc3 43. Qxf7 Qxd4 44. Qg6+ Kg8 45. Qe8+ Kh7 46. Qg6+ Kg8 47. Nxe6 Qe5+ 48. f4 Qf6 49. Qe8+ Kh7 50. Nf8+ Kg8 51. Ng6+ Kh7 52. Qh8# 1-0


[Site "https://www.chess.com"]

[Event "Titled Tuesday Blitz May 31 Late 2022"]
[White "Rustemov, Alexander"]
[Black "Chen, Justin"]
[WhiteFideId "4119002"]
[BlackFideId "2098199"]
[WhiteElo "2808"]
[BlackElo "2444"]
[Result "1-0"]
[Round "02"]
[TimeControl "180+1"]
[Date "2022.06.01"]
[WhiteClock "0:00:24"]
[BlackClock "0:00:02"]

1. d4 Nf6 2. c4 e6 3. Nf3 d5 4. Nc3 a6 5. cxd5 exd5 6. Bg5 Be6 7. e3 Nbd7 8. Bd3 Bd6 9. Qc2 c6 10. Bf4 Qc7 11. Bxd6 Qxd6 12. h3 O-O 13. O-O Rfe8 14. Rab1 a5 15. a3 Rec8 16. Rfc1 Qe7 17. Na4 h6 18. Nc5 Nxc5 19. Qxc5 Qxc5 20. Rxc5 Ne8 21. b3 Nd6 22. Rbc1 f6 23. Nd2 Kf7 24. f3 Ke7 25. Kf2 Kd7 26. R5c3 Re8 27. Nf1 Bf5 28. Be2 Bg6 29. Ng3 Re7 30. h4 Bh7 31. h5 Bg8 32. Bd3 Be6 33. Ne2 Bf5 34. Nf4 Bxd3 35. Rxd3 Ree8 36. Rh1 Nf5 37. g4 Nd6 38. Ng6 Re6 39. Nh4 Rae8 40. Re1 Nb5 41. a4 Nd6 42. Rd2 Rb8 43. Rde2 b5 44. axb5 Rxb5 45. Ra1 Re8 46. Ra3 Ra8 47. Nf5 Nxf5 48. gxf5 Ra7 49. Kg3 Rab7 50. Kf4 Kd6 51. Rea2 Rxb3 52. Rxa5 Rb1 53. Ra8 Re1 54. Rd8+ Kc7 55. Rg8 Kd6 56. Raa8 Re7 57. Ra3 Rf1 58. Rc3 Rh1 59. Kg4 Rg1+ 60. Kf4 Rh1 61. Rc8 Rc7 62. Rd8+ Ke7 63. Ra8 Rxh5 64. Rb3 Rh4+ 65. Kg3 Rh1 66. Rbb8 Rg1+ 67. Kf4 Kd6 68. Rd8+ Rd7 69. Re8 Kc7 70. Ra7+ Kd6 71. Re6# 1-0


[Site "https://www.chess.com"]

[Event "Titled Tuesday Blitz May 31 Late 2022"]
[White "Sadhwani, Raunak"]
[Black "Krishnan, Varun"]
[WhiteFideId "35093487"]
[BlackFideId "5054508"]
[WhiteElo "2616"]
[BlackElo "2630"]
[Result "1-0"]
[Round "02"]
[TimeControl "180+1"]
[Date "2022.05.31"]
[WhiteClock "0:01:25"]
[BlackClock "0:00:19"]

1. e4 c5 2. Nf3 Nc6 3. Bb5 d6 4. O-O Bd7 5. Re1 Nf6 6. c3 a6 7. Bf1 Bg4 8. h3 Bxf3 9. Qxf3 g6 10. d3 Bg7 11. Be3 Nd7 12. Qd1 e5 13. a4 O-O 14. Na3 f5 15. exf5 gxf5 16. Qb3+ Kh8 17. Qxb7 Ne7 18. Bg5 Rb8 19. Qxa6 Rb6 20. Qa7 Rxb2 21. Nc4 Rc2 22. Nxd6 Nf6 23. Qxc5 Ng6 24. Nxf5 e4 25. Nxg7 Kxg7 26. dxe4 Qd7 27. Qd4 Qc7 28. e5 Nh5 29. e6+ Kg8 30. e7 Rfxf2 31. e8=Q+ Nf8 32. Bc4+ Qxc4 33. Qxc4+ Kg7 34. Re7+ Kh8 35. Qd4+ Ng7 36. Qxg7# 1-0


[Site "https://www.chess.com"]

[Event "Titled Tuesday Blitz May 31 Late 2022"]
[White "Salimova, Nurgyul"]
[Black "Dubov, Daniil"]
[WhiteFideId "2915138"]
[BlackFideId "24126055"]
[WhiteElo "2185"]
[BlackElo "2791"]
[Result "0-1"]
[Round "02"]
[TimeControl "180+1"]
[Date "2022.05.31"]
[WhiteClock "0:00:04"]
[BlackClock "0:00:27"]

1. d4 Nf6 2. Nf3 d5 3. c4 e6 4. g3 Be7 5. Bg2 O-O 6. O-O dxc4 7. Qc2 b5 8. a4 b4 9. Nfd2 Nd5 10. Nxc4 c5 11. dxc5 Ba6 12. e4 Nf6 13. Be3 Nbd7 14. c6 Rc8 15. e5 Nd5 16. Bd4 Nb8 17. Nbd2 Nxc6 18. Qe4 Nxd4 19. Qxd4 Nb6 20. Qxd8 Rfxd8 21. b3 Nxc4 22. Nxc4 Bxc4 23. bxc4 Rxc4 24. Rfc1 Rdc8 25. Rxc4 Rxc4 26. Bf1 Rc2 27. Bd3 Rd2 28. Be4 Bc5 29. Rc1 Bxf2+ 30. Kf1 g6 31. Rc2 Rxc2 32. Bxc2 Bd4 33. Ke2 Bxe5 34. a5 a6 35. Bd3 Bc7 36. Bxa6 Bxa5 37. Bc4 Bb6 38. Kf3 Kf8 39. h3 Ke7 40. g4 f5 41. gxf5 gxf5 0-1


[Site "https://www.chess.com"]

[Event "Titled Tuesday Blitz May 31 Late 2022"]
[White "Shirov, Alexei"]
[Black "Koellner, Ruben Gideon"]
[WhiteFideId "2209390"]
[BlackFideId "12993093"]
[WhiteElo "2678"]
[BlackElo "2549"]
[Result "0-1"]
[Round "02"]
[TimeControl "180+1"]
[Date "2022.06.01"]
[WhiteClock "0:00:07"]
[BlackClock "0:00:02"]

1. e4 d6 2. d4 Nf6 3. Nc3 e5 4. Nf3 Nbd7 5. Bc4 Be7 6. g4 Nb6 7. dxe5 Nxc4 8. exf6 Bxf6 9. g5 Bxc3+ 10. bxc3 Bg4 11. Qd3 Bxf3 12. Qxf3 Qe7 13. Qe2 d5 14. exd5 Qxe2+ 15. Kxe2 O-O-O 16. Rd1 Rhe8+ 17. Kf3 Re5 18. Rd4 b5 19. a4 Rexd5 20. axb5 Rxd4 21. cxd4 Rxd4 22. Rxa7 Kb8 23. Ra6 Rd5 24. Ra4 Ne5+ 25. Ke4 Rxb5 26. c4 Rb1 27. Bf4 Nd7 28. Ra2 Kb7 29. Ra5 Rb4 30. Kd3 Rb3+ 31. Kc2 Rf3 32. Bg3 Nb6 33. c5 Nd5 34. Ra4 Kc6 35. Rh4 h6 36. gxh6 gxh6 37. Rxh6+ Kxc5 38. Kd2 Kd4 39. Rc6 Ra3 40. h4 Ra2+ 41. Ke1 Ke4 42. Bxc7 Ra1+ 43. Ke2 Ra2+ 44. Ke1 Ra1+ 45. Kd2 Ra2+ 46. Kc1 Rxf2 47. h5 Rf1+ 48. Kd2 Rh1 49. h6 f5 50. Bd8 f4 51. Bg5 Rh2+ 52. Ke1 Kf3 53. Rd6 Ne3 54. Bxf4 Re2# 0-1


[Site "https://www.chess.com"]

[Event "Titled Tuesday Blitz May 31 Late 2022"]
[White "Suich, Peter D"]
[Black "Moroni, Luca Jr"]
[WhiteFideId "2050366"]
[BlackFideId "865834"]
[WhiteElo "2446"]
[BlackElo "2573"]
[Result "0-1"]
[Round "02"]
[TimeControl "180+1"]
[Date "2022.06.01"]
[WhiteClock "0:00:01"]
[BlackClock "0:00:12"]

1. d4 g6 2. c4 Bg7 3. g3 d6 4. Nf3 Bd7 5. Bg2 Qc8 6. O-O Nc6 7. Nc3 Bh3 8. d5 Ne5 9. Nxe5 Bxe5 10. Be3 h5 11. f4 Bxc3 12. bxc3 h4 13. Rf2 hxg3 14. hxg3 Nf6 15. Bd4 Bxg2 16. Rxg2 c5 17. Bxf6 exf6 18. e4 Qh3 19. Kf2 O-O-O 20. Rb1 Rde8 21. Qb3 Re7 22. Re1 Rhe8 23. Qc2 f5 24. e5 dxe5 25. d6 Re6 26. Qd2 Rd8 27. Rxe5 Rexd6 28. Rxc5+ Kb8 29. Rd5 Rxd5 30. cxd5 Qh1 31. c4 Qb1 32. Qe2 Qb6+ 33. Kf3 a6 34. Qe5+ Ka7 35. Qe3 Rc8 36. Qxb6+ Kxb6 37. Rb2+ Kc7 38. Ke3 Re8+ 39. Kd3 b6 40. a4 Re1 41. a5 b5 42. cxb5 axb5 43. Rxb5 Kd6 44. Rb7 Kxd5 45. Rxf7 Rg1 46. a6 Rxg3+ 47. Ke2 Ra3 48. Rf6 Ke4 49. Rxg6 Ra2+ 50. Ke1 Kxf4 51. Rf6 Ke3 52. Re6+ Kf3 53. Rf6 f4 54. Rf8 Rxa6 55. Rf7 Ra1+ 56. Kd2 Kg3 57. Ke2 Ra2+ 58. Kf1 Kf3 59. Ke1 Ra4 60. Rf8 Ra1+ 61. Kd2 Rf1 62. Rf7 Kg2 0-1


[Site "https://www.chess.com"]

[Event "Titled Tuesday Blitz May 31 Late 2022"]
[White "Taboas Rodriguez, Daniel"]
[Black "Chigaev, Maksim"]
[WhiteFideId "2208466"]
[BlackFideId "4108116"]
[WhiteElo "2429"]
[BlackElo "2457"]
[Result "1-0"]
[Round "02"]
[TimeControl "180+1"]
[Date "2022.05.31"]
[WhiteClock "0:00:06"]
[BlackClock "0:00:04"]

1. d4 d5 2. Nf3 Nf6 3. c4 c6 4. cxd5 cxd5 5. Nc3 a6 6. Bf4 Nc6 7. Rc1 h6 8. e3 Bg4 9. Qb3 Na5 10. Qa4+ Bd7 11. Qd1 e6 12. Ne5 Be7 13. Bd3 Rc8 14. O-O O-O 15. Qf3 Nc6 16. Qh3 Nxe5 17. dxe5 Nh7 18. Bxh6 g6 19. Bxf8 Bxf8 20. Ne2 Rxc1 21. Rxc1 Qa5 22. Nc3 Bg7 23. f4 Qb6 24. b3 d4 25. Nd1 Qa5 26. exd4 Qxa2 27. Be4 Nf8 28. Bxb7 Bb5 29. Qc3 Nd7 30. Ne3 Qa3 31. Ra1 Qe7 32. Bxa6 Bxa6 33. Rxa6 Bh6 34. g3 Nf8 35. Ng4 Bg7 36. Qc5 Qb7 37. Rb6 Qf3 38. Nf6+ Bxf6 39. exf6 Qd1+ 40. Kf2 Qd2+ 41. Kf3 Qd3+ 42. Kg4 Qe2+ 43. Kh3 Qf1+ 44. Kh4 Qe2 45. h3 g5+ 46. Qxg5+ Ng6+ 47. Qxg6+ fxg6 48. g4 Qf2+ 49. Kg5 Kf7 50. Rb7+ Ke8 51. Kxg6 Qxf4 52. Re7+ Kf8 53. Rxe6 Qxd4 54. Re7 Qd3+ 55. Kg5 Qd2+ 56. Kf5 Qd3+ 57. Re4 Qxh3 58. Re7 Qf3+ 59. Kg5 Qd5+ 60. Kg6 Qd2 61. g5 Qd3+ 62. Kh6 Qf5 63. b4 Qc2 64. g6 Qh2+ 65. Kg5 Qg3+ 66. Kf5 Qf3+ 67. Kg5 Qg3+ 68. Kf5 Qh3+ 69. Kg5 Qg2+ 70. Kf5 Qe2 71. g7+ Kg8 72. Rxe2 1-0


[Site "https://www.chess.com"]